 Dungeon Sprint DCSS version 0.29.1-2-gbd0b4ee654 (webtiles) character file.

Game seed: 7828240606716184363

11527 boopmooplesden the Executioner (level 11, -3/123 HPs)
             Began as a Minotaur Berserker on Nov 23, 2022.
             Was a High Priest of Trog.
             Slain by a chaos spawn (10 damage)
             ... in the Dungeon (Sprint VII: "The Pits").
             The game lasted 00:05:48 (2949 turns).

boopmooplesden the Executioner (Minotaur Berserker) Turns: 2949, Time: 00:05:49

Health: -3/123     AC: 22    Str: 25    XL:     11   Next: 50%
Magic:  6/10       EV: 10    Int:  4    God:    Trog [*****.]
Gold:   29         SH:  0    Dex: 11    Spells: 10/10 levels left

rFire   . . .      SeeInvis .   v - +4 battleaxe (vorpal)
rCold   . . .      Faith    .   (shield currently unavailable)
rNeg    . . .      Spirit   .   q - +3 plate armour
rPois   .          Reflect  .   (helmet restricted)
rElec   .          Harm     .   s - +0 cloak
rCorr   .          Rampage  .   (no gloves)
Will    .....      NoTele   +   (no boots)
Stlth   ..........              (no amulet)
HPRegen 0.30/turn               (no ring)
MPRegen 0.12/turn               (no ring)

@: lethally poisoned (-3 -> -4), on berserk cooldown, slowed, very slow
A: horns 2, retaliatory headbutt
a: Renounce Religion, Berserk, Trog's Hand, Brothers in Arms


You were in the Dungeon.
You worshipped Trog.
Trog was extremely pleased with you.
You visited 1 branch You collected 29 gold pieces.

Inventory:

Hand Weapons
 m - a +0 vorpal hand axe
 r - a +2 vorpal war axe
 t - a +2 battleaxe
 u - a +3 battleaxe of flaming
 v - a +4 vorpal battleaxe (weapon)
 x - a +1 executioner's axe
Armour
 b - a +0 animal skin
 n - a +3 chain mail
 q - a +3 plate armour (worn)
 s - a +0 cloak (worn)
Jewellery
 a - a +3 ring of dexterity
 i - a +3 ring of dexterity
 D - a ring of protection from fire
 E - a ring of poison resistance
Wands
 w - a wand of digging (6)
 C - a wand of light (9)
Scrolls
 h - 3 scrolls of blinking
 l - a scroll of summoning
 y - 4 scrolls of enchant armour
 z - 2 scrolls of enchant weapon
 A - 4 scrolls of identify
 B - a scroll of fog
Potions
 c - 7 potions of curing
 d - 15 potions of heal wounds
 e - 2 potions of haste
 f - 4 potions of magic
 g - 4 potions of berserk rage
 j - a potion of resistance
 k - 2 potions of invisibility
 o - 2 potions of might
 p - 2 potions of mutation


   Skills:
 + Level 19.6 Fighting
 + Level 21.4 Axes
 + Level 16.5 Armour
 + Level 8.0 Dodging


You had 10 spell levels left.
You didn't know any spells.
Your spell library was empty.

Dungeon Overview and Level Annotations

Branches:
Dungeon (1/1)

Altars:
Ashenzari
Cheibriados
Dithmenos
Elyvilon
Fedhas
Gozag
Hepliaklqana
Kikubaaqudgha
Makhleb
Nemelex Xobeh
Okawaru
Qazlal
Ru
Sif Muna
Trog
Uskayaw
Vehumet
Wu Jian
Xom
Yredelemnul
Zin
The Shining One
Jiyva
Lugonu


Innate Abilities, Weirdness & Mutations

You have a pair of horns on your head.
You reflexively headbutt those who attack you in melee.


Message History

The guardian serpent hits you.
* * * LOW HITPOINT WARNING * * *
The guardian serpent misses you.
You feel sick.
Your troll bites the guardian serpent!
Your troll closely misses the guardian serpent.
Your troll claws the guardian serpent but does no damage.
The guardian serpent casts a spell at you.
The tarantella blinks into view!
The lindwurm blinks into view!
The chaos spawn blinks into view!
Your troll bites the guardian serpent but does no damage.
Your troll closely misses the guardian serpent.
Your troll claws the guardian serpent!!
You slice the lindwurm!! You headbutt the lindwurm.
The lindwurm is severely wounded.
You hit the guardian serpent but do no damage.
You slash the chaos spawn! You slash the tarantella!
You feel sick. The guardian serpent hits you.
* * * LOW HITPOINT WARNING * * *
The lindwurm bites you but does no damage.
The lindwurm barely misses you. The lindwurm completely misses you.
Your troll bites the guardian serpent but does no damage.
Your troll completely misses the guardian serpent.
Your troll claws the guardian serpent.
The chaos spawn gores you!
* * * LOW HITPOINT WARNING * * *
You feel your power leaking away.
The tarantella touches you but does no damage.
The guardian serpent hits you!
* * * LOW HITPOINT WARNING * * *
You feel much better.
You feel sick.
Your troll bites the guardian serpent!!
The guardian serpent dies!
Trog accepts your kill.
Trog appreciates your killing of a magic user.
The tarantella closely misses you.
The lindwurm bites you but does no damage.
The lindwurm claws you.
* * * LOW HITPOINT WARNING * * *
The lindwurm completely misses you. The chaos spawn gores you.
* * * LOW HITPOINT WARNING * * *
You are engulfed in flames!
You die...

########## #.........
#......... #.T###### #4s'#†#
#.@#)# #.k##k# #..# #s# #..#
#4# #..################
#############..................
#_________.##..................
#_________.###########''######
#_______...###########''######


You could see a lindwurm, a chaos spawn, a tarantella and a friendly troll
(summoned, berserk).

Vanquished Creatures
  An emperor scorpion (D)
  An angel (D)
  A merfolk avatar (D)
  A death yak (D)
  A deep troll (D)
  A phantasmal warrior (D)
  3 black mambas (D)
  A demonic crawler (D)
  An efreet (D)
  A red devil (D)
  A troll (D)
  A tyrant leech (D)
  2 hornets (D)
  A polar bear (D)
  A wind drake (D)
  5 dream sheep (D)
  Grinder (D)
  Sigmund (D)
  An air elemental (D)
  2 shadows (D)
  2 basilisks (D)
  2 spriggans (D)
  2 vampire mosquitoes (D)
  A water moccasin (D)
  2 floating eyes (D)
  3 sky beasts (D)
  2 wolves (D)
  A centaur (D)
  2 scorpions (D)
  3 killer bees (D)
  A quasit (D)
  3 orc priests (D)
  An iguana (D)
  A hell rat (D)
  An orc wizard (D)
  2 river rats (D)
  An adder (D)
  4 orcs (D)
  A giant cockroach (D)
  A goblin (D)
  A hobgoblin (D)
  2 kobolds (D)
  A ball python skeleton (D)
  A bat (D)
  2 frilled lizards (D)
71 creatures vanquished.

Vanquished Creatures (collateral kills)
  A deep elf pyromancer (D)
  A guardian serpent (D)
  A hornet (D)
  2 steam dragons (D)
  2 vampire mosquitoes (D)
  Menkaure (D)
8 creatures vanquished.

Vanquished Creatures (others)
  A river rat (D)
1 creature vanquished.

Grand Total: 80 creatures vanquished

Notes
Turn   | Place    | Note
-------+----------+-------------------------------------------
     0 | D        | boopmooplesden the Minotaur Berserker began the quest for
                  | the Orb.
     0 | D        | Reached XP level 1. HP: 19/19 MP: 0/0
    15 | D        | Reached skill level 4 in Axes
    43 | D        | Found a glowing golden altar of the Shining One.
    43 | D        | Found a glowing silver altar of Zin.
    43 | D        | Found a basalt altar of Yredelemnul.
    43 | D        | Found a shimmering altar of Xom.
    43 | D        | Found an ornate altar of the Wu Jian Council.
    43 | D        | Found a bloodstained altar of Trog.
    43 | D        | Found a shimmering blue altar of Sif Muna.
    43 | D        | Found a sacrificial altar of Ru.
    43 | D        | Found a stormy altar of Qazlal.
    43 | D        | Found an iron altar of Okawaru.
    43 | D        | Found a sparkling altar of Nemelex Xobeh.
    43 | D        | Found a burning altar of Makhleb.
    43 | D        | Found a viscous altar of Jiyva.
    43 | D        | Found a hazy altar of Hepliaklqana.
    43 | D        | Found an opulent altar of Gozag.
    43 | D        | Found a blossoming altar of Fedhas.
    43 | D        | Found a white marble altar of Elyvilon.
    43 | D        | Found a shadowy altar of Dithmenos.
    43 | D        | Found a snail-covered altar of Cheibriados.
    44 | D        | Found a radiant altar of Vehumet.
    44 | D        | Found a corrupted altar of Lugonu.
    45 | D        | Found a hide-covered altar of Uskayaw.
    45 | D        | Found an ancient bone altar of Kikubaaqudgha.
    45 | D        | Found a broken altar of Ashenzari.
    69 | D        | Noticed a floating eye
    71 | D        | Reached ** piety under Trog
    73 | D        | Killed a floating eye
    74 | D        | Reached skill level 7 in Axes
    74 | D        | Reached XP level 2. HP: 34/34 MP: 1/1
    74 | D        | Reached XP level 3. HP: 39/39 MP: 2/2
    74 | D        | Reached XP level 4. HP: 47/47 MP: 3/3
    82 | D        | Noticed a sky beast
    89 | D        | Killed a sky beast
    89 | D        | Reached *** piety under Trog
    90 | D        | Reached skill level 9 in Axes
    90 | D        | Reached XP level 5. HP: 34/57 MP: 4/4
   418 | D        | Noticed a wolf
   419 | D        | Noticed a sky beast
   427 | D        | Noticed a wolf
   428 | D        | Killed a sky beast
   429 | D        | Reached skill level 10 in Fighting
   429 | D        | Reached skill level 10 in Axes
   429 | D        | Reached skill level 5 in Armour
   429 | D        | Reached skill level 5 in Dodging
   429 | D        | Reached XP level 6. HP: 66/66 MP: 5/5
   430 | D        | Reached **** piety under Trog
   431 | D        | Reached skill level 11 in Axes
   445 | D        | Reached skill level 12 in Axes
   445 | D        | Reached XP level 7. HP: 67/75 MP: 6/6
   469 | D        | Reached ***** piety under Trog
   478 | D        | Noticed a black mamba
   484 | D        | Killed a black mamba
   485 | D        | Reached skill level 13 in Axes
   489 | D        | Noticed a basilisk
   797 | D        | Reached XP level 8. HP: 60/86 MP: 7/7
  1179 | D        | Reached skill level 14 in Axes
  1477 | D        | Noticed Sigmund
  1478 | D        | Noticed an efreet
  1483 | D        | Killed Sigmund
  1483 | D        | Received a gift from Trog
  1483 | D        | Reached ****** piety under Trog
  1489 | D        | Killed an efreet
  1490 | D        | Reached skill level 15 in Axes
  1562 | D        | Noticed a demonic crawler
  1562 | D        | Noticed a red devil
  1572 | D        | Killed a demonic crawler
  1579 | D        | Killed a red devil
  1580 | D        | Reached XP level 9. HP: 96/96 MP: 8/8
  1581 | D        | Reached skill level 16 in Axes
  1581 | D        | Reached skill level 10 in Armour
  1581 | D        | Received a gift from Trog
  1764 | D        | Noticed a troll
  1765 | D        | Noticed a deep troll
  1769 | D        | Killed a troll
  1770 | D        | Reached skill level 15 in Fighting
  1780 | D        | Killed a deep troll
  1780 | D        | Received a gift from Trog
  1780 | D        | Paralysed by a floating eye for 4 turns
  1781 | D        | Reached skill level 17 in Axes
  1791 | D        | Reached XP level 10. HP: 107/107 MP: 9/9
  1795 | D        | Reached skill level 18 in Axes
  1966 | D        | Noticed a black mamba
  1972 | D        | Killed a black mamba
  1972 | D        | Received a gift from Trog
  1975 | D        | Noticed a phantasmal warrior
  1981 | D        | Killed a phantasmal warrior
  2107 | D        | Noticed an emperor scorpion
  2114 | D        | Killed an emperor scorpion
  2115 | D        | Reached skill level 19 in Axes
  2123 | D        | Noticed a death yak
  2129 | D        | HP: 4/112 [death yak (17)]
  2140 | D        | Killed a death yak
  2140 | D        | Received a gift from Trog
  2454 | D        | Noticed Grinder
  2454 | D        | Noticed Menkaure
  2459 | D        | Noticed an angel
  2471 | D        | Killed Grinder
  2477 | D        | Killed an angel
  2478 | D        | Reached skill level 20 in Axes
  2478 | D        | Reached skill level 15 in Armour
  2478 | D        | Reached XP level 11. HP: 79/121 MP: 10/10
  2483 | D        | Noticed a deep elf pyromancer
  2488 | D        | Received a gift from Trog
  2490 | D        | Killed a deep elf pyromancer
  2492 | D        | Killed Menkaure
  2924 | D        | Reached skill level 21 in Axes
  2933 | D        | Noticed a merfolk avatar
  2935 | D        | Paralysed by an air elemental for 1 turns
  2937 | D        | Received a gift from Trog
  2944 | D        | Killed a merfolk avatar
  2944 | D        | Noticed a lindwurm
  2948 | D        | HP: 6/123 [guardian serpent (12)]
  2949 | D        | Slain by a chaos spawn

Illustrated notes

Levels and vault maps discovered:
D:        pitsprint [storerooms_1, entrance_room_1, metal_vault_3, armoury_2,
          mini_pit_1, grid_room_1, main_hall_1, silver_pit, the_coven_3,
          the_vestibule_1, steel_vault_5, golden_pit, hallway_of_sentries,
          crystal_vault_5, iron_vault_3, final_vault]

Skill      XL: |  1  2  3  4  5  6  7  8  9 10 11 |
---------------+----------------------------------+-----
Fighting       | 7 9 10 11 13 14 16 18 19 | 19.6
Axes           | 7 9 10 12 13 15 17 20 21 | 21.4
Armour         | 4 5 6 7 9 12 15 16 | 16.5
Dodging        | 3 4 5 6 7 8 |  8.0

Action                   |  1- 3 |  4- 6 |  7- 9 | 10-12 || total
-------------------------+-------+-------+-------+-------++-------
Melee: Hand axe          |     7 |    29 |    33 |       ||    69
       Headbutt          |     3 |     6 |    15 |    14 ||    38
       War axe           |       |       |    33 |     9 ||    42
       Battleaxe         |       |       |       |    77 ||    77
Invok: Berserk           |       |     2 |     4 |     4 ||    10
       Brothers in Arms  |       |       |       |     3 ||     3
       Trog's Hand       |       |       |       |     1 ||     1
  Use: Potion            |       |       |       |     5 ||     5
Armor: Animal skin       |       |     2 |       |       ||     2
       Chain mail        |       |     9 |     8 |       ||    17
       Plate armour      |       |       |    23 |    61 ||    84
Dodge: Dodged            |     4 |    11 |    17 |    43 ||    75
